 Dungeon Crawl Stone Soup version 0.29.1-12-g30fa7ad0bf (webtiles) character file.

Game seed: 3084413743725766257

74 FaviusArthum the Conjurer (level 4, -1/24 HPs)
             Began as a Deep Elf Conjurer on Jan 13, 2023.
             Succumbed to a scorpion's poison
             ... on level 3 of the Dungeon.
             The game lasted 00:09:30 (3916 turns).

FaviusArthum the Conjurer (Deep Elf Conjurer)       Turns: 3916, Time: 00:09:31

Health: -1/24      AC:  4    Str:  4    XL:     4   Next: 10%
Magic:  6/12       EV: 12    Int: 25    God:
Gold:   171        SH:  0    Dex: 13    Spells: 4/11 levels left

rFire   . . .      SeeInvis .   l - +0 dagger
rCold   . . .      Faith    .   (no shield)
rNeg    . . .      Spirit   .   a - +0 robe
rPois   .          Reflect  .   (no helmet)
rElec   .          Harm     .   (no cloak)
rCorr   .          Rampage  .   r - +0 pair of gloves
Will    .....                   i - +0 pair of boots
Stlth   ++........              (no amulet)
HPRegen 0.08/turn               (no ring)
MPRegen 0.13/turn               (no ring)

@: lethally poisoned (-1 -> -14)
A: no striking features
a: no special abilities


You were on level 3 of the Dungeon.
You visited 1 branch of the dungeon, and saw 3 of its levels.

You collected 171 gold pieces.

Inventory:

Hand Weapons
 c - a +0 club
 l - a +0 dagger (weapon)
Missiles
 h - 2 poisoned darts
Armour
 a - a +0 robe (worn)
 i - a +0 pair of boots (worn)
 r - a +0 pair of gloves (worn)
Jewellery
 g - a ring of fire
Scrolls
 d - 3 scrolls of identify {unknown}
 e - 3 scrolls of teleportation {unknown}
 j - a scroll of immolation {unknown}
 m - a scroll of blinking {unknown}
 n - a scroll of vulnerability {unknown}
 p - a scroll of butterflies {unknown}
 q - a scroll of magic mapping {unknown}
 s - 2 scrolls of brand weapon {unknown}
 t - a scroll of noise {unknown}
Potions
 b - a potion of magic
 f - 2 potions of heal wounds {unknown}
 k - 2 potions of curing {unknown}
 o - a potion of might {unknown}


   Skills:
 + Level 2.6 Dodging
 + Level 2.8 Stealth
 + Level 4.1 Spellcasting
 + Level 5.4 Conjurations


You had 4 spell levels left.
You knew the following spells:

 Your Spells              Type           Power      Damage    Failure   Level
a - Magic Dart            Conj           100%       1d8       1%          1
b - Searing Ray           Conj           64%        2d6       1%          2
c - Fulminant Prism       Conj/Hex       9%         3d7       28%         4

Your spell library contained the following spells:

 Spells                   Type           Power      Damage    Failure   Level
 Freeze                   Ice            20%        1d4       9%          1
 Dazzling Flash           Conj/Hex       36%        N/A       9%          3
 Poisonous Vapours        Pois/Air       10%        N/A       14%         2
 Frozen Ramparts          Ice            10%        1d2       26%         3
 Hailstorm                Conj/Ice       18%        3d6       28%         4
 Iskenderun's Mystic Bla  Conj/Tloc      18%        2d6       28%         4
 Corpse Rot               Necr/Pois/Air  5%         N/A       65%         4


Dungeon Overview and Level Annotations

Branches:
Dungeon (3/15)

Altars:


Message History

You feel sick.
Casting: Searing Ray (safe; 1% risk of failure)
Confirm with . or Enter, or press ? or * to list all spells.
Aiming: Searing Ray (safe; 1% risk of failure)
Press: ? - help, Shift-Dir - straight line, f - scorpion
Aim: a scorpion (81% to hit)
The searing ray hits the scorpion.
The scorpion is moderately wounded. (Press . to maintain the ray.)
You feel sick. The scorpion stings you.
Casting: Searing Ray (safe; 1% risk of failure)
Confirm with . or Enter, or press ? or * to list all spells.
Restarting spell: Searing Ray (safe; 1% risk of failure)
Press: ? - help, Shift-Dir - straight line, f/p - scorpion
Aim: a scorpion (moderately wounded, 81% to hit)
The searing ray misses the scorpion. (Press . to maintain the ray.)
You feel sick. The scorpion misses you. The scorpion stings you.
* * * LOW HITPOINT WARNING * * *
You are lethally poisoned!
The scorpion poisons you!
Casting: Searing Ray (safe; 1% risk of failure)
Confirm with . or Enter, or press ? or * to list all spells.
Aiming: Magic Dart (safe; 1% risk of failure)
Press: ? - help, Shift-Dir - straight line, f/p - scorpion
Aim: a scorpion (lightly wounded, 100% to hit)
The magic dart hits the scorpion.
The scorpion is moderately wounded.
* * * LOW HITPOINT WARNING * * *
You feel very sick. The scorpion closely misses you.
Unknown command.
Casting: Magic Dart (safe; 1% risk of failure)
Confirm with . or Enter, or press ? or * to list all spells.
Aiming: Magic Dart (safe; 1% risk of failure)
Press: ? - help, Shift-Dir - straight line, f/p - scorpion
Aim: a scorpion (moderately wounded, 100% to hit)
The magic dart hits the scorpion.
The scorpion is moderately wounded.
You die...

#
#.##.#.#.#.###..#
#
#....#...#.#....#
..
##########.#.##.#
## ...........#
#######..####
#.....#..#
#.###.#..# #.#
#.#..# #.# #...@#
#.# ##..s# #.#
#...# ##.####...#
#...>##...##
##.#.###...#
##.#.# #.#.#
#..#.# #.#.#
####.###.#.#


You could see a scorpion.

Vanquished Creatures
  2 adders (D:3)
  3 dart slugs
  8 bats
  6 endoplasms
  A giant cockroach (D:2)
  6 goblins
  3 hobgoblins
  3 quokkas
  4 ball pythons
  3 frilled lizards
  5 kobolds
  7 rats
51 creatures vanquished.

Notes
Turn   | Place    | Note
-------+----------+-------------------------------------------
     0 | D:1      | FaviusArthum the Deep Elf Conjurer began the quest for the
                  | Orb.
     0 | D:1      | Reached XP level 1. HP: 10/10 MP: 6/6
   392 | D:1      | Found a faded altar of an unknown god.
   527 | D:1      | Reached XP level 2. HP: 14/15 MP: 2/8
   530 | D:1      | Learned a level 2 spell: Searing Ray
  1581 | D:1      | Reached skill level 5 in Conjurations
  2155 | D:2      | Reached XP level 3. HP: 19/19 MP: 5/10
  3578 | D:3      | Reached XP level 4. HP: 19/24 MP: 0/12
  3770 | D:3      | Learned a level 4 spell: Fulminant Prism
  3899 | D:3      | Noticed a scorpion
  3916 | D:3      | Succumbed to a scorpion's poison

Illustrated notes

Levels and vault maps discovered:
D:1:      scummos_arrival_star, layout_loops_cross,
          hellmonk_ecumenical_altar_lost_god
D:2:      layout_basic, minmay_misc_feat_encased
D:3:      minmay_spotlight, layout_basic, serial_curves, eino_curves_02,
          eino_curves_04, serial_shops, nicolae_shop_hallway_plus,
          grunt_ministairs_3

Skill      XL: |  1  2  3 |
---------------+----------+-----
Conjurations   | 5 |  5.4
Spellcasting   | 4 |  4.1
Dodging        | |  2.6
Stealth        | |  2.8

Action                   |  1- 3 |  4- 6 || total
-------------------------+-------+-------++-------
Melee: Club              |     6 |       ||     6
       Dagger            |     4 |       ||     4
 Cast: Magic Dart        |    79 |     2 ||    81
       Searing Ray       |    10 |     3 ||    13
Armor: Robe              |     5 |       ||     5
Dodge: Dodged            |    16 |     3 ||    19
